 Dungeon Crawl Stone Soup version 0.28.0-45-g0d030f2227 (webtiles) character file.

Game seed: 12906977743810892527

6449 protoss039 the Fighter (level 10, -2/83 HPs)
             Began as a Demonspawn Earth Elementalist on May 17, 2022.
             Was a Follower of Vehumet.
             Slain by a six-headed hydra (9 damage)
             ... on level 7 of the Dungeon.
             The game lasted 00:25:07 (9031 turns).

protoss039 the Fighter (DsEE)                       Turns: 9031, Time: 00:25:07

Health: -2/83      AC: 11    Str:  9    XL:     10   Next: 67%
Magic:  12/19      EV: 16    Int: 21    God:    Vehumet [*.....]
Gold:   304        SH:  6    Dex: 19    Spells: 10/21 levels left

rFire   . . .      SeeInvis .   a - +2 short sword (venom)
rCold   . . .      Faith    .   e - +0 buckler
rNeg    . . .      Spirit   .   N - +0 steam dragon scales
rPois   .          Reflect  .   (helmet restricted)
rElec   .          Harm     .   o - +1 cloak {Will+}
rCorr   .          Rampage  .   (no gloves)
Will    +....                   (no boots)
Stlth   ++........              t - amulet of magic regeneration
HPRegen 0.23/turn               j - +4 ring of evasion
MPRegen 0.56/turn               H - +6 ring of dexterity

@: about to teleport
A: horns 2, slimy green scales 2, powered by death 2
a: Renounce Religion


You were on level 7 of the Dungeon.
You worshipped Vehumet.
Vehumet was aware of your devotion.
You visited 2 branches of the dungeon, and saw 12 of its levels.
You also visited: Ossuary.

You collected 661 gold pieces.
You spent 357 gold pieces at shops.

Inventory:

Hand Weapons
 a - a +2 short sword of venom (weapon)
 d - the +5 quarterstaff of the Freezing Big Fish {speed, Will+}
   (You found it on level 4 of the Dungeon)

   Attacks with this weapon are significantly faster.
   Will:      It increases your willpower.
 s - the +8 mace of Responsibility {flame, Fly Will- MP+9 Dex+3}
   (You found it on level 7 of the Dungeon)

   It burns those it strikes, dealing additional fire damage.
   Dex:       It affects your dexterity (+3).
   MP:        It affects your magic capacity (+9).
   Fly:       It grants you flight.
   Will:      It decreases your willpower.
 w - a +1 flail of protection
Missiles
 c - 178 stones
 y - 2 silver boomerangs
Armour
 e - a +0 buckler (worn)
 o - a +1 cloak of willpower (worn)
 N - +0 steam dragon scales (worn)
Magical Staves
 r - a staff of earth
 F - a staff of conjuration
Jewellery
 j - a +4 ring of evasion (left hand)
 k - an amulet of regeneration
 t - an amulet of magic regeneration (around neck)
 H - a +6 ring of dexterity (right hand)
Wands
 z - a wand of flame (18)
 I - a wand of paralysis (4)
 J - a wand of polymorph (9)
 P - a wand of iceblast (2)
Scrolls
 b - 2 scrolls of immolation {unknown}
 f - a scroll of identify
 h - 3 scrolls of fog
 l - 3 scrolls of enchant weapon
 m - 2 scrolls of enchant armour
 n - a scroll of torment {unknown}
 p - 2 scrolls of teleportation
 q - a scroll of holy word {unknown}
 u - a scroll of noise {unknown}
 v - a scroll of vulnerability {unknown}
 C - 2 scrolls of fear
 D - a scroll of blinking
 E - a scroll of acquirement {unknown}
 M - a scroll of magic mapping
Potions
 g - a potion of degeneration
 i - 4 potions of heal wounds
 x - a potion of haste {unknown}
 A - a potion of curing
 B - 3 potions of flight
 G - a potion of magic {unknown}
 K - a potion of attraction {unknown}
 L - a potion of ambrosia {unknown}
 O - 3 potions of lignification
 Q - a potion of might {unknown}


   Skills:
 * Level 9.5 Fighting
 - Level 6.0 Armour
 - Level 1.7 Dodging
 - Level 1.7 Stealth
 + Level 4.9 Shields
 + Level 6.3 Spellcasting
 - Level 3.0 Conjurations
 - Level 1.0 Transmutations
 + Level 6.7 Earth Magic


You had 10 spell levels left.
You knew the following spells:

 Your Spells              Type           Power      Damage    Failure   Level
a - Sandblast             Erth           70%        2d15      1%          1
b - Passwall              Tmut/Erth      18%        N/A       3%          2
c - Stone Arrow           Conj/Erth      54%        3d10      4%          3
d - Swiftness             Air            6%         N/A       34%         3
e - Static Discharge      Conj/Air       12%        N/A       10%         2

Your spell library contained the following spells:

 Spells                   Type           Power      Damage    Failure   Level
 Magic Dart               Conj           76%        1d6       3%          1
 Animate Skeleton         Necr           12%        N/A       12%         1
 Apportation              Tloc           12%        N/A       12%         1
 Summon Small Mammal      Summ           24%        N/A       12%         1
 Ensorcelled Hibernation  Hex/Ice        12%        N/A       19%         2
 Conjure Flame            Conj/Fire      12%        6-21      19%         3
 Petrify                  Tmut/Erth      22%        N/A       24%         4
 Ignite Poison            Fire/Tmut/Pois 8%         N/A       30%         3
 Sticky Flame             Conj/Fire      12%        2d4       54%         4
 Dispel Undead            Necr           6%         3d8       75%         4


Dungeon Overview and Level Annotations

Branches:
Dungeon (11/15)            Temple (1/1) D:7         Ossuary (visited)
   Lair: D:8-11         Orc: D:9-12

Altars:
Ashenzari
Cheibriados
Dithmenos
Elyvilon
Fedhas
Gozag
Kikubaaqudgha
Makhleb
Nemelex Xobeh
Okawaru
Qazlal
Ru
Sif Muna
Trog
Uskayaw
Vehumet
Wu Jian
Xom
Yredelemnul
Zin
The Shining One

Shops:
D:4 *   D:6 [(

Annotations:
D:8 Pikel


Innate Abilities, Weirdness & Mutations

You have a pair of horns on your head.
You are mostly covered in slimy green scales. (AC +3)
You regenerate health from kills.


Message History

The stone arrow hits the six-headed hydra!
The six-headed hydra is lightly wounded.
The six-headed hydra bites you! The six-headed hydra bites you.
The six-headed hydra barely misses you. x2; The six-headed hydra misses you.
The six-headed hydra bites you but does no damage.
Casting: Stone Arrow (dangerous; 4% risk of failure)
Confirm with . or Enter, or press ? or * to list all spells.
Aiming: Stone Arrow (dangerous; 4% risk of failure)
Press: ? - help, Shift-Dir - straight line, f/p - six-headed hydra
Aim: a six-headed hydra (lightly wounded, 90% to hit)
The stone arrow hits the six-headed hydra!
The six-headed hydra is moderately wounded.
The six-headed hydra barely misses you. The six-headed hydra bites you!
The six-headed hydra completely misses you.
The six-headed hydra bites you. The six-headed hydra bites you! x2
Casting: Stone Arrow (dangerous; 4% risk of failure)
Confirm with . or Enter, or press ? or * to list all spells.
Aiming: Stone Arrow (dangerous; 4% risk of failure)
Press: ? - help, Shift-Dir - straight line, f/p - six-headed hydra
Aim: a six-headed hydra (moderately wounded, 90% to hit)
The stone arrow hits the six-headed hydra.
The six-headed hydra is moderately wounded.
The six-headed hydra barely misses you.
You block the six-headed hydra's attack.
The six-headed hydra closely misses you.
You block the six-headed hydra's attack.
The six-headed hydra completely misses you.
The six-headed hydra bites you.
* * * LOW HITPOINT WARNING * * *
Unknown command.
As you read the scroll of teleportation, it crumbles to dust.
You feel strangely unstable. The six-headed hydra bites you.
* * * LOW HITPOINT WARNING * * *
You block the six-headed hydra's attack.
The six-headed hydra bites you!
* * * LOW HITPOINT WARNING * * *
The six-headed hydra bites you!
* * * LOW HITPOINT WARNING * * *
The six-headed hydra barely misses you. The six-headed hydra bites you!
You die...

#.# #.# #....####....## #.#.#
#.# #.# #............# #.#.#
#.# #.###..########.#####....
#.# #...[......# #..........
#.# #####.####.# ##########.
#.# #.# #.# ##.## #.
#.#######.# #.###.#.#######.
#.........####.##.###........
###........D@......#.#######.
#.#####.####...##.## #. #.#
#.###.#.#.### ## #.#
#.##.##.####### ##. #)#
#.#.###.#.....#####.# #)#
#.......#..#..#...... #.#
#.#.###.'.#.#.'......
#.#####.##.##.#..#..#.#.###
#.............#.....####.##


You could see a six-headed hydra.

Vanquished Creatures
  Maurice (D:10)
  2 trolls
  A wraith (D:7)
  5 yaks (D:8)
  2 steam dragons (D:7)
  An acid dragon (D:9)
  A water moccasin (D:8)
  Duvessa (D:5)
  2 ice beasts
  A necrophage (D:7)
  An ogre (D:6)
  A centaur (D:9)
  A wolf (D:9)
  3 phantoms
  2 kobold brigands (D:7)
  5 bullfrogs
  2 elf zombies (Ossuary)
  4 scorpions
  Dowan (D:4)
  A killer bee (D:9)
  2 electric eels
  3 wights (D:8)
  5 centaur zombies
  5 hounds
  A jelly (D:6)
  7 orc priests
  A human zombie (Ossuary)
  3 centaur skeletons
  13 orc wizards
  7 iguanas
  A killer bee zombie (D:8)
  2 hound zombies (Ossuary)
  3 mummies (Ossuary)
  2 howler monkey zombies
  10 adders
  An ufetubus (D:4)
  2 adder zombies (Ossuary)
  An adder skeleton (D:4)
  3 worms
  27 orcs
  4 ball pythons
  11 endoplasms
  4 giant cockroaches
  3 gnoll zombies (Ossuary)
  5 goblins
  6 hobgoblins
  6 jackals (D:3)
  A quokka (D:1)
  7 bats
  3 frilled lizards
  4 goblin zombies (Ossuary)
  3 hobgoblin zombies (Ossuary)
  2 jackal zombies (Ossuary)
  14 kobolds
  6 kobold zombies (Ossuary)
  An orc zombie (Ossuary)
  4 quokka zombies (Ossuary)
  5 rats
  A rat zombie (Ossuary)
227 creatures vanquished.

Vanquished Creatures (others)
  An orc wizard (D:6)
  98 plants (D:1)
99 creatures vanquished.

Grand Total: 326 creatures vanquished

Notes
Turn   | Place    | Note
-------+----------+-------------------------------------------
     0 | D:1      | protoss039 the Demonspawn Earth Elementalist began the
                  | quest for the Orb.
     0 | D:1      | Reached XP level 1. HP: 13/13 MP: 3/3
   197 | D:1      | Reached skill level 1 in Transmutations
   455 | D:1      | Found a faded altar of an unknown god.
   601 | D:1      | Reached skill level 1 in Fighting
   601 | D:1      | Gained mutation: You regenerate a little health from kills.
                  | [demonic ancestry]
   601 | D:1      | Reached XP level 2. HP: 21/21 MP: 5/5
  1154 | D:2      | Reached XP level 3. HP: 27/27 MP: 6/6
  1157 | D:2      | Learned a level 2 spell: Passwall
  1161 | D:2      | Learned a level 3 spell: Stone Arrow
  1475 | D:2      | Reached skill level 2 in Fighting
  2368 | D:3      | Gained mutation: You regenerate health from kills. [demonic
                  | ancestry]
  2368 | D:3      | Reached XP level 4. HP: 27/34 MP: 7/7
  2525 | D:3      | Reached skill level 3 in Fighting
  2607 | D:3      | Gained mutation: You are partially covered in slimy green
                  | scales. (AC +2) [demonic ancestry]
  2607 | D:3      | Reached XP level 5. HP: 41/41 MP: 9/9
  3089 | D:4      | Reached skill level 4 in Fighting
  3096 | D:4      | Gained mutation: You have a pair of small horns on your
                  | head. [demonic ancestry]
  3096 | D:4      | Reached XP level 6. HP: 26/48 MP: 10/10
  3585 | D:4      | Identified the +5 quarterstaff of the Freezing Big Fish
                  | {speed, Will+}
  3590 | D:4      | Reached skill level 5 in Fighting
  3687 | D:4      | Found Diott's General Store.
  3690 | D:4      | Bought a scroll of fear for 42 gold pieces
  3690 | D:4      | Bought a scroll of blinking for 90 gold pieces
  4073 | D:4      | Learned a level 3 spell: Swiftness
  4074 | D:5      | Entered Level 5 of the Dungeon
  4081 | D:5      | Noticed Duvessa
  4081 | D:5      | Noticed Dowan
  4097 | D:5      | Killed Duvessa
  4098 | D:5      | Gained mutation: You are mostly covered in slimy green
                  | scales. (AC +3) [demonic ancestry]
  4098 | D:5      | Reached XP level 7. HP: 56/56 MP: 12/12
  4117 | D:4      | Killed Dowan
  4118 | D:4      | Reached skill level 1 in Armour
  4261 | D:5      | Reached skill level 1 in Shields
  4776 | D:6      | Reached XP level 8. HP: 64/64 MP: 14/14
  4860 | D:6      | Reached skill level 6 in Fighting
  5143 | D:6      | Found Cexa's Antique Armour Shoppe.
  5148 | D:6      | Bought a dazzling ring mail for 225 gold pieces
  5148 | D:6      | Identified the +3 ring mail "Hures" {rF- rN+ Dex+6} (You
                  | bought it in a shop on level 6 of the Dungeon)
  5288 | D:6      | Reached skill level 5 in Earth Magic
  5306 | D:6      | Found Cerunuff's Weapon Shop.
  5761 | D:7      | Found a sand-covered staircase.
  5889 | Ossuary  | Entered an ossuary
  6107 | Ossuary  | Reached skill level 7 in Fighting
  6274 | D:7      | Gained mutation: You have a pair of horns on your head.
                  | [demonic ancestry]
  6274 | D:7      | Reached XP level 9. HP: 61/72 MP: 16/16
  6417 | D:7      | Reached skill level 5 in Spellcasting
  6535 | D:7      | Found a staircase to the Ecumenical Temple.
  6551 | Temple   | Entered the Ecumenical Temple
  6662 | Temple   | Became a worshipper of Vehumet
  6761 | D:7      | Reached skill level 1 in Conjurations
  6938 | D:7      | Reached skill level 5 in Armour
  7047 | D:7      | Identified the +8 mace of Responsibility {flame, Fly Will-
                  | MP+9 Dex+3}
  7302 | D:8      | You fall into a shaft and drop 3 floors!
  7329 | D:10     | Entered Level 10 of the Dungeon
  7338 | D:10     | Noticed a two-headed ogre
  7381 | D:11     | Noticed a kobold demonologist
  7514 | D:10     | Learned a level 2 spell: Static Discharge
  7527 | D:10     | Noticed a troll
  7530 | D:10     | Noticed Maurice
  7541 | D:10     | Killed a troll
  7545 | D:10     | Reached skill level 8 in Fighting
  7732 | D:10     | Reached XP level 10. HP: 79/81 MP: 18/18
  7793 | D:10     | Killed Maurice
  8163 | D:9      | Noticed a two-headed ogre
  8546 | D:8      | Reached skill level 9 in Fighting
  8548 | D:8      | Reached * piety under Vehumet
  8548 | D:8      | Offered knowledge of Magic Dart by Vehumet.
  8940 | D:8      | Noticed a six-headed hydra
  8940 | D:8      | Noticed Pikel
  9031 | D:7      | Slain by a six-headed hydra

Illustrated notes

Levels and vault maps discovered:
D:1:      roderic_crop_circles_arrival_small, layout_loops_ring,
          ebering_ecumenical_altar_webs
D:2:      layout_basic, serial_curves, eino_curves_02, eino_curves_03,
          grunt_ministairs_5
D:3:      layout_loops_cross, minmay_fractal_squares_5
D:4:      layout_basic, serial_shops, nicolae_shop_behind_doors,
          minmay_misc_feat_cross
D:5:      layout_cave_pools, abandoned_shop, chequers_serial_rivers_room_b,
          nicolae_concentric_dashed_squares_mild, uniq_duvessa
D:6:      layout_basic, serial_shops, nicolae_shop_bloodbath_and_beyond,
          kennysheep_little_box, minmay_misc_feat_rows
D:7:      layout_loops_ring, minmay_temple_entry_water_ring,
          chequers_ossuary_entry_cave, minivault_24, kennysheep_generic_room_13
D:8:      layout_basic, nicolae_lava_and_water, kennysheep_big_empty_room,
          uniq_pikel
D:9:      layout_long_grid, worldfamousw_hep_ancestral_shrine, erik_lair_island,
          david_orc_2, special_room [special_room_kobold], serial_shops,
          nicolae_shop_waterfront
D:10:     layout_small_grid, uniq_maurice
D:11:     layout_irregular_city, nicolae_shop_overcharged_wands
Temple:   compressed_dpeg_circular_temple

Skill      XL: |  1  2  3  4  5  6  7  8  9 10 |
---------------+-------------------------------+-----
Transmutations | 1 |  1.0
Fighting       | 1 2 3 4 5 7 8 9 |  9.5
Earth Magic    | 3 4 5 6 |  6.7
Spellcasting   | 3 4 5 6 |  6.3
Armour         | 2 4 5 6 |  6.0
Shields        | 1 2 3 4 |  4.9
Conjurations   | 3 |  3.0
Dodging        | |  1.7
Stealth        | |  1.7

Action                   |  1- 3 |  4- 6 |  7- 9 | 10-12 || total
-------------------------+-------+-------+-------+-------++-------
Melee: Flail             |   103 |       |   280 |    10 ||   393
       Unarmed           |     1 |       |       |     3 ||     4
       Short sword       |     5 |   206 |   151 |    71 ||   433
       Headbutt          |       |    29 |   125 |    28 ||   182
       Mace              |       |       |    29 |       ||    29
 Cast: Sandblast         |     3 |       |    12 |     7 ||    22
       Stone Arrow       |       |       |    21 |    40 ||    61
       Swiftness         |       |       |     1 |       ||     1
Evoke: Wand              |       |       |     2 |    16 ||    18
  Use: Scroll            |       |     3 |     5 |     1 ||     9
       Potion            |       |       |     4 |       ||     4
 Stab: Sleeping          |     1 |       |       |       ||     1
Armor: Chain mail        |    60 |       |       |       ||    60
       Plate armour      |    40 |   146 |   348 |       ||   534
       Skin              |       |       |    14 |       ||    14
       Steam dragon scal |       |       |    34 |    19 ||    53
Dodge: Dodged            |    21 |    41 |   184 |    88 ||   334
Block: Buckler           |    17 |    32 |   145 |    31 ||   225
